General information
- name: BNet
- type: Ladder team game (AT/RT)
- host: Battle.net
- saver: WHATABOUTBOB.
map: GolemsInTheMist
- players: 8
- length: 34:31
- speed: Fast
- version: 1.26 W3XP
- replay type: Public
» download(238 KB)
Players
team 1 (loser)
swp51 (
pink | 42 APM | 481 actions | 11:30)
2 Mountain King
1 Storm Bolt
1 Bash
» actions
| Assign group hotkey | 9 | |
| Basic commands | 28 | |
| Build / train | 35 | |
| Enter build submenu | 19 | |
| Enter hero's abilities submenu | 2 | |
| Right click | 159 | |
| Select / deselect | 112 | |
| Select group hotkey | 90 | |
| Use ability | 27 | |
481 total
» units
| Peasant | 8 | |
| Footman | 13 | |
| Rifleman | 2 | |
| Sorceress | 2 | |
25 total
» upgrades
| Defend | 1 | |
| Long Rifles | 1 | |
| Plating | 1 | |
3 total
» buildings
| Altar of Kings | 1 | |
| Farm | 7 | |
| Barracks | 2 | |
| Lumber Mill | 1 | |
| Arcane Vault | 1 | |
| Scout Tower | 1 | |
| Arcane Tower | 1 | |
| Keep | 1 | |
| Blacksmith | 1 | |
| Arcane Sanctum | 2 | |
| Castle | 1 | |
19 total
» build order
00:56 Altar of Kings
01:07 Farm
01:24 Barracks
01:38 Farm
01:55 Lumber Mill
02:08 Farm
02:18 Arcane Vault
02:51 Barracks
03:00 Scout Tower
03:32 Arcane Tower
04:40 Farm
04:40 Farm
05:44 Keep
06:32 Blacksmith
07:10 Farm
08:37 Arcane Sanctum
08:51 Castle
09:39 Arcane Sanctum
10:00 Farm
» items
WHATABOUTBOB. (
blue | 65 APM | 2255 actions | 34:31)
6 Blademaster
3 Wind Walk
2 Critical Strike
1 Bladestorm
1 Shadow Hunter
1 Hex
» actions
| Assign group hotkey | 27 | |
| Basic commands | 44 | |
| Build / train | 62 | |
| Enter build submenu | 25 | |
| Enter hero's abilities submenu | 7 | |
| Give item / drop item | 3 | |
| Right click | 965 | |
| Select / deselect | 269 | |
| Select group hotkey | 696 | |
| Use ability | 157 | |
2255 total
» units
| Peon | 8 | |
| Goblin Shredder | 1 | |
| Wind Rider | 7 | |
| Goblin Zeppelin | 3 | |
| Shaman | 2 | |
| Troll Batrider | 4 | |
25 total
» upgrades
| Reinforced Defenses | 1 | |
| Ranged Weapons | 2 | |
| Armor | 2 | |
| Envenomed Spears | 1 | |
| Shaman Training | 2 | |
| Liquid Fire | 1 | |
9 total
» buildings
| Altar of Storms | 1 | |
| Orc Burrow | 7 | |
| War Mill | 1 | |
| Stronghold | 2 | |
| Watch Tower | 25 | |
| Voodoo Lounge | 1 | |
| Fortress | 1 | |
| Beastiary | 3 | |
| Spirit Lodge | 1 | |
42 total
» build order
00:08 Altar of Storms
00:23 Orc Burrow
01:08 War Mill
02:12 Stronghold
02:12 Stronghold
02:30 Watch Tower
02:49 Watch Tower
02:56 Voodoo Lounge
03:14 Orc Burrow
03:31 Watch Tower
04:35 Orc Burrow
04:48 Fortress
05:37 Watch Tower
05:38 Watch Tower
05:52 Beastiary
06:13 Beastiary
06:33 Orc Burrow
06:47 Watch Tower
09:18 Watch Tower
09:18 Watch Tower
09:18 Watch Tower
09:21 Watch Tower
09:23 Watch Tower
10:03 Beastiary
11:15 Watch Tower
11:16 Watch Tower
11:16 Watch Tower
12:42 Watch Tower
12:42 Watch Tower
14:33 Watch Tower
14:34 Watch Tower
14:53 Orc Burrow
14:53 Orc Burrow
14:54 Orc Burrow
16:05 Spirit Lodge
19:57 Watch Tower
19:57 Watch Tower
19:57 Watch Tower
22:17 Watch Tower
22:17 Watch Tower
22:18 Watch Tower
22:18 Watch Tower
» items
| Healing Salve | 3 | |
| Tiny Great Hall | 1 | |
| Potion of Healing | 2 | |
| Scroll of Town Portal | 2 | |
| Orb of Lightning | 1 | |
9 total

»
Aristant (
orange | 16 APM | 536 actions | 34:31)
2 Blademaster
1 Critical Strike
1 Wind Walk
» actions
| Basic commands | 22 | |
| Build / train | 48 | |
| ESC pressed | 2 | |
| Enter build submenu | 19 | |
| Enter hero's abilities submenu | 2 | |
| Right click | 199 | |
| Select / deselect | 206 | |
| Use ability | 38 | |
536 total
» units
| Peon | 8 | |
| Troll Headhunter/Berserker | 18 | |
| Shaman | 4 | |
| Troll Witch Doctor | 2 | |
32 total
» upgrades
| Spiked Barricades | 2 | |
| Melee Weapons | 1 | |
| Ranged Weapons | 2 | |
| Troll Regeneration | 1 | |
| Shaman Training | 2 | |
| Berserker Upgrade | 1 | |
| Witch Doctor Training | 2 | |
11 total
» buildings
| Altar of Storms | 1 | |
| War Mill | 1 | |
| Orc Burrow | 6 | |
| Barracks | 1 | |
| Watch Tower | 5 | |
| Stronghold | 1 | |
| Fortress | 1 | |
| Spirit Lodge | 1 | |
17 total
» build order
00:09 Altar of Storms
00:26 War Mill
00:52 Orc Burrow
01:35 Orc Burrow
03:53 Barracks
03:57 Watch Tower
04:46 Orc Burrow
06:28 Watch Tower
06:46 Stronghold
07:47 Orc Burrow
08:24 Watch Tower
08:46 Orc Burrow
09:15 Watch Tower
10:17 Fortress
10:44 Spirit Lodge
14:37 Watch Tower
26:12 Orc Burrow

»
ipoop4u (
yellow | 92 APM | 1814 actions | 19:40)
4 Keeper of the Grove
2 Force of Nature
2 Entangling Roots
2 Priestess of the Moon
1 Trueshot Aura
1 Scout
1 Mountain King
1 Storm Bolt
» actions
| Assign group hotkey | 182 | |
| Basic commands | 230 | |
| Build / train | 83 | |
| Enter build submenu | 28 | |
| Enter hero's abilities submenu | 7 | |
| Right click | 722 | |
| Select / deselect | 295 | |
| Select group hotkey | 177 | |
| Use ability | 90 | |
1814 total
» units
| Wisp | 32 | |
| Huntress | 11 | |
| Peasant | 7 | |
| Hippogryph | 4 | |
| Archer | 1 | |
55 total
» upgrades
| Strength of the Wild | 2 | |
| Sentinel | 1 | |
| Nature's Blessing | 1 | |
4 total
» buildings
| Altar of Elders | 1 | |
| Moon Well | 6 | |
| Hunter's Hall | 2 | |
| Ancient of War | 2 | |
| Ancient of Wonders | 1 | |
| Tree of Life | 2 | |
| Tree of Ages | 4 | |
| Ancient Protector | 6 | |
| Ancient of Wind | 4 | |
28 total
» build order
00:10 Altar of Elders
00:22 Moon Well
01:26 Hunter's Hall
01:38 Hunter's Hall
01:44 Ancient of War
02:06 Ancient of War
02:24 Moon Well
02:29 Ancient of Wonders
02:56 Moon Well
04:37 Moon Well
05:53 Tree of Life
06:20 Tree of Ages
06:21 Tree of Ages
10:12 Tree of Ages
10:12 Tree of Ages
10:44 Tree of Life
10:49 Moon Well
11:14 Ancient Protector
14:10 Ancient Protector
14:11 Ancient Protector
14:19 Ancient of Wind
14:20 Ancient of Wind
16:17 Ancient of Wind
16:49 Ancient Protector
16:51 Ancient Protector
16:52 Ancient Protector
17:20 Ancient of Wind
17:42 Moon Well
» items
| Lesser Clarity Potion | 1 | |
| Potion of Healing | 1 | |
| Potion of Mana | 1 | |
3 total
team 2 (winner)

»
m0xxa (
green | 73 APM | 2535 actions | 34:31)
4 Keeper of the Grove
2 Entangling Roots
2 Thorns Aura
3 Priestess of the Moon
2 Trueshot Aura
1 Searing Arrows
» actions
| Assign group hotkey | 129 | |
| Basic commands | 29 | |
| Build / train | 86 | |
| ESC pressed | 1 | |
| Enter build submenu | 17 | |
| Enter hero's abilities submenu | 7 | |
| Give item / drop item | 1 | |
| Right click | 1063 | |
| Select / deselect | 384 | |
| Select group hotkey | 671 | |
| Use ability | 147 | |
2535 total
» units
| Wisp | 21 | |
| Archer | 9 | |
| Hippogryph | 15 | |
| Chimaera | 5 | |
50 total
» upgrades
| Nature's Blessing | 1 | |
| Well Spring | 1 | |
| Strength of the Wild | 3 | |
| Reinforced Hides | 2 | |
| Corrosive Breath | 1 | |
8 total
» buildings
| Altar of Elders | 1 | |
| Moon Well | 6 | |
| Ancient of War | 1 | |
| Tree of Ages | 2 | |
| Hunter's Hall | 1 | |
| Ancient of Wonders | 1 | |
| Ancient Protector | 1 | |
| Tree of Eternity | 1 | |
| Ancient of Wind | 2 | |
| Chimaera Roost | 2 | |
| Tree of Life | 1 | |
19 total
» build order
00:11 Altar of Elders
00:20 Moon Well
00:49 Ancient of War
01:37 Moon Well
03:27 Tree of Ages
03:27 Tree of Ages
03:32 Hunter's Hall
03:42 Ancient of Wonders
03:57 Moon Well
04:42 Ancient Protector
05:52 Tree of Eternity
06:35 Ancient of Wind
08:34 Chimaera Roost
09:47 Moon Well
10:01 Moon Well
12:59 Chimaera Roost
13:59 Tree of Life
14:38 Moon Well
20:39 Ancient of Wind
» items
| Scroll of Town Portal | 3 | |
| Moonstone | 1 | |
| Orb of Venom | 1 | |
| Potion of Healing | 2 | |
| Staff of Sanctuary | 1 | |
8 total
Meatgrinder (
purple | 83 APM | 2855 actions | 34:15)
7 Blademaster
3 Wind Walk
3 Critical Strike
1 Bladestorm
» actions
| Assign group hotkey | 189 | |
| Basic commands | 142 | |
| Build / train | 105 | |
| ESC pressed | 14 | |
| Enter build submenu | 71 | |
| Enter hero's abilities submenu | 7 | |
| Give item / drop item | 7 | |
| Remove unit from queue | 2 | |
| Right click | 1205 | |
| Select / deselect | 327 | |
| Select group hotkey | 588 | |
| Use ability | 198 | |
2855 total
» units
| Peon | 24 | |
| Grunt | 6 | |
| Goblin Shredder | 4 | |
| Wind Rider | 4 | |
| Goblin Sapper | 4 | |
42 total
» upgrades
| Berserker Strength | 1 | |
| Armor | 4 | |
| Ranged Weapons | 3 | |
| Pillage | 1 | |
| Reinforced Defenses | 1 | |
| Envenomed Spears | 1 | |
| Spiked Barricades | 1 | |
| Melee Weapons | 3 | |
| Ensnare | 1 | |
| Troll Regeneration | 1 | |
17 total
» buildings
| Orc Burrow | 7 | |
| Altar of Storms | 1 | |
| Barracks | 1 | |
| Voodoo Lounge | 1 | |
| Stronghold | 2 | |
| War Mill | 1 | |
| Great Hall | 7 | |
| Watch Tower | 45 | |
| Fortress | 2 | |
| Beastiary | 4 | |
71 total
» build order
00:10 Orc Burrow
01:04 Orc Burrow
01:07 Altar of Storms
01:09 Barracks
02:05 Voodoo Lounge
03:04 Orc Burrow
03:07 Orc Burrow
03:50 Stronghold
04:32 Orc Burrow
04:58 War Mill
05:41 Great Hall
06:29 Watch Tower
06:30 Watch Tower
06:32 Watch Tower
06:33 Watch Tower
06:56 Watch Tower
07:40 Watch Tower
07:41 Watch Tower
07:42 Watch Tower
08:11 Fortress
08:11 Fortress
08:14 Watch Tower
08:16 Watch Tower
08:42 Beastiary
08:44 Beastiary
09:17 Watch Tower
09:44 Watch Tower
09:47 Watch Tower
09:55 Watch Tower
09:57 Watch Tower
10:21 Beastiary
10:32 Beastiary
12:59 Orc Burrow
13:03 Orc Burrow
13:45 Watch Tower
14:21 Watch Tower
14:22 Watch Tower
15:29 Great Hall
15:31 Watch Tower
15:33 Watch Tower
15:34 Watch Tower
15:36 Watch Tower
15:38 Watch Tower
15:39 Watch Tower
15:40 Watch Tower
15:41 Watch Tower
15:42 Watch Tower
15:43 Watch Tower
21:21 Great Hall
21:24 Great Hall
21:27 Great Hall
22:35 Great Hall
23:38 Watch Tower
23:40 Watch Tower
23:43 Watch Tower
24:04 Great Hall
24:07 Watch Tower
24:09 Watch Tower
24:10 Watch Tower
24:29 Watch Tower
25:17 Watch Tower
25:19 Watch Tower
25:21 Watch Tower
25:51 Watch Tower
26:59 Watch Tower
27:19 Watch Tower
27:48 Watch Tower
27:49 Watch Tower
27:53 Watch Tower
27:54 Watch Tower
» items
| Healing Salve | 3 | |
| Lesser Clarity Potion | 3 | |
| Orb of Lightning | 1 | |
| Scroll of Town Portal | 2 | |
| Potion of Mana | 1 | |
10 total
Stranger_Danger (
teal | 45 APM | 1527 actions | 34:13)
7 Blood Mage
3 Flame Strike
2 Siphon Mana
1 Summon Phoenix
1 Banish
» actions
| Assign group hotkey | 31 | |
| Basic commands | 144 | |
| Build / train | 89 | |
| Enter build submenu | 36 | |
| Enter hero's abilities submenu | 7 | |
| Give item / drop item | 6 | |
| Remove unit from queue | 1 | |
| Right click | 667 | |
| Select / deselect | 311 | |
| Select group hotkey | 109 | |
| Use ability | 126 | |
1527 total
» units
| Peasant | 12 | |
| Footman | 4 | |
| Sorceress | 2 | |
| Goblin Shredder | 1 | |
| Gryphon Rider | 6 | |
| Goblin Sapper | 1 | |
26 total
» upgrades
| Sorceress Training | 1 | |
| Magic Sentry | 1 | |
| Lumber Harvesting | 2 | |
| Masonry | 2 | |
| Storm Hammers | 1 | |
| Animal War Training | 1 | |
| Swords | 3 | |
| Armor | 3 | |
| Cloud | 1 | |
15 total
» buildings
| Altar of Kings | 1 | |
| Barracks | 1 | |
| Farm | 6 | |
| Scout Tower | 17 | |
| Arcane Vault | 1 | |
| Keep | 1 | |
| Arcane Tower | 1 | |
| Lumber Mill | 1 | |
| Town Hall | 2 | |
| Castle | 1 | |
| Arcane Sanctum | 2 | |
| Guard Tower | 4 | |
| Gryphon Aviary | 4 | |
| Blacksmith | 2 | |
44 total
» build order
00:37 Altar of Kings
00:38 Barracks
00:50 Farm
00:50 Farm
01:07 Farm
01:38 Farm
01:40 Farm
03:00 Scout Tower
03:16 Arcane Vault
03:42 Keep
04:32 Farm
05:49 Arcane Tower
05:51 Lumber Mill
05:54 Town Hall
05:58 Scout Tower
05:59 Scout Tower
05:59 Scout Tower
06:01 Scout Tower
06:24 Castle
06:27 Arcane Sanctum
06:32 Arcane Sanctum
07:47 Scout Tower
07:48 Scout Tower
07:49 Scout Tower
07:50 Scout Tower
09:03 Guard Tower
09:12 Guard Tower
09:16 Scout Tower
09:17 Scout Tower
09:19 Scout Tower
09:19 Scout Tower
09:23 Scout Tower
09:24 Scout Tower
09:25 Scout Tower
09:26 Scout Tower
11:21 Guard Tower
11:21 Guard Tower
13:29 Gryphon Aviary
13:29 Gryphon Aviary
13:31 Gryphon Aviary
13:31 Gryphon Aviary
14:45 Blacksmith
14:48 Blacksmith
22:04 Town Hall
» items
| Scroll of Regeneration | 4 | |
| Mechanical Critter | 4 | |
| Scroll of Town Portal | 6 | |
| Lesser Clarity Potion | 3 | |
| Potion of Healing | 7 | |
| Potion of Mana | 7 | |
31 total

»
651684313219687 (
red | 131 APM | 3902 actions | 29:41)
4 Blademaster
2 Wind Walk
2 Critical Strike
3 Tauren Chieftain
2 Shockwave
1 Endurance Aura
» actions
| Assign group hotkey | 12 | |
| Basic commands | 120 | |
| Build / train | 78 | |
| ESC pressed | 5 | |
| Enter build submenu | 32 | |
| Enter hero's abilities submenu | 7 | |
| Right click | 1668 | |
| Select / deselect | 852 | |
| Select group hotkey | 1007 | |
| Use ability | 121 | |
3902 total
» units
» upgrades
| Pillage | 1 | |
| Melee Weapons | 3 | |
| Ensnare | 1 | |
| Armor | 3 | |
| Reinforced Defenses | 1 | |
9 total
» buildings
| Altar of Storms | 1 | |
| Orc Burrow | 6 | |
| Barracks | 1 | |
| Voodoo Lounge | 1 | |
| Stronghold | 2 | |
| War Mill | 1 | |
| Beastiary | 3 | |
| Fortress | 1 | |
| Watch Tower | 12 | |
| Great Hall | 2 | |
30 total
» build order
00:08 Altar of Storms
00:22 Orc Burrow
00:38 Barracks
01:28 Orc Burrow
01:52 Voodoo Lounge
02:57 Stronghold
02:57 Stronghold
03:58 Orc Burrow
04:42 War Mill
05:23 Beastiary
05:28 Beastiary
05:34 Beastiary
06:26 Orc Burrow
08:33 Fortress
08:45 Orc Burrow
10:58 Orc Burrow
17:24 Watch Tower
17:25 Watch Tower
17:37 Watch Tower
17:55 Watch Tower
19:02 Watch Tower
19:04 Watch Tower
19:05 Watch Tower
19:10 Watch Tower
19:15 Watch Tower
20:32 Watch Tower
20:33 Watch Tower
20:47 Watch Tower
22:22 Great Hall
23:38 Great Hall
» items
| Healing Salve | 5 | |
| Lesser Clarity Potion | 3 | |
| Scroll of Town Portal | 1 | |
| Orb of Lightning | 1 | |
| Tiny Great Hall | 3 | |
| Potion of Mana | 1 | |
14 total
Chat log
(00:13 / All) Stranger_Danger: Ghost Busters sucks
(00:17 / All) Stranger_Danger: very overrated movie
(00:19 / All) Stranger_Danger: not funny
(00:20 / All) ipoop4u: its not out is it
(00:25 / All) Stranger_Danger: the old one
(00:30 / All) Stranger_Danger: the new one LOL what a joke
(00:32 / All) m0xxa: it was good for the 80's
(00:34 / All) ipoop4u: how old r u?
(00:44 / All) Stranger_Danger: no, 80s had lots of great movies
(00:46 / All) ipoop4u: makes a dif
(00:48 / All) ipoop4u: when u born?
(00:54 / All) Meatgrinder: the player ipoop4u questions your age
(01:01 / All) ipoop4u: yessir
(01:02 / All) m0xxa: ROFL
(01:03 / All) ipoop4u: 84 here
(01:04 / All) Stranger_Danger: 80s had Terminator, Lost Boys, etc
(01:11 / All) Stranger_Danger: ROBOCOP
(01:14 / All) Meatgrinder: Taxi Driver
(01:19 / All) Stranger_Danger: that was 70s
(01:23 / All) Meatgrinder: was it lol
(01:25 / All) Meatgrinder: thought it was 80s
(01:26 / All) Stranger_Danger: yeh
(01:28 / All) Meatgrinder: Aguirre is 80s too I think
(01:35 / All) Stranger_Danger: I think that's 60s or 70s
(01:40 / All) Meatgrinder: no
(01:40 / All) Meatgrinder: that
(01:44 / All) Meatgrinder: 70s too
(01:45 / All) Meatgrinder: lawl
(01:53 / All) Meatgrinder: I think so much 70s shit is 80s for some reason
(01:57 / All) Stranger_Danger: Thief came out in 80s
(02:02 / All) Stranger_Danger: The thing
(02:11 / All) m0xxa: the thing sucked
(02:22 / All) Meatgrinder: I'm glad I saw The Thing before I knew any norwegian lol
(02:26 / All) Meatgrinder: or else I'd know what would happen at the start
(02:35 / Allies) WHATABOUTBOB.: wyvern bat
(03:16 / Allies) ipoop4u: he bad
(05:49 / Allies) ipoop4u: go
(07:50 / Allies) ipoop4u: chim wtf
(08:55 / All) Stranger_Danger: footies are fucking fast
(10:02 / Allies) ipoop4u: TP
(10:27 / Allies) ipoop4u: ok hit
(10:29 / Allies) ipoop4u: this asshole
(10:59 / Allies) ipoop4u: we need to hit
(11:34 / All) Meatgrinder: LOL
(11:34 / All) Stranger_Danger: lol
(11:40 / All) Meatgrinder: two bms too much for pink
(12:38 / Allies) ipoop4u: blue
(12:39 / Allies) ipoop4u: hit
(12:55 / Allies) ipoop4u: hes got fucking air
(13:15 / All) Stranger_Danger: awe
(13:20 / All) Stranger_Danger: fucking faggot yello
(13:25 / All) Stranger_Danger: now I make 100 100 food to rape you bitch
(13:46 / All) Stranger_Danger: yellow mh or just lucky with sentry?
(14:01 / All) Stranger_Danger: how'd he see me invis
(14:09 / All) WHATABOUTBOB.: hunter bird ont ree
(14:15 / All) Stranger_Danger: yeah
(14:19 / All) Stranger_Danger: I mean did he just put that there
(14:26 / All) Stranger_Danger: or he had it there and I got unlucky
(15:05 / All) Stranger_Danger: yellow is like always in right place right time
(15:22 / All) Stranger_Danger: LOL
(16:07 / Allies) ipoop4u: oj u suck
(17:12 / Allies) ipoop4u: greens base sucks most
(17:32 / Allies) ipoop4u: games over
(17:45 / All) Stranger_Danger: lol
(17:49 / All) Stranger_Danger: yellow 100% mahs
(18:42 / All) Meatgrinder: how did you see my bm
(18:43 / All) Meatgrinder: wtf
(18:57 / Allies) ipoop4u: blue
(18:59 / Allies) ipoop4u: fucking help
(19:01 / All) Stranger_Danger: rape mher
(19:08 / All) ipoop4u: man you are dumb
(19:10 / All) ipoop4u: owls all over map
(19:11 / All) ipoop4u: so mh?
(19:14 / All) Stranger_Danger: raped mher
(19:18 / All) Meatgrinder: this rape victim of ours has no aa because I shut down both his winds with sappers and 4 wind riders lol
(19:27 / Allies) ipoop4u: blue
(19:29 / Allies) ipoop4u: fucking tp or leave
(19:31 / Allies) ipoop4u: help me
(19:47 / All) m0xxa: gg
(20:30 / All) Meatgrinder: green raped lol
(21:33 / All) Stranger_Danger: CHARGE RED
(23:05 / All) Stranger_Danger: TRAITOR
(23:05 / All) Meatgrinder: Green tk
(23:07 / All) Stranger_Danger: THEY'RE EVERYWHERe
(23:26 / All) Stranger_Danger: TKER DIE
(23:28 / All) Stranger_Danger: TKER DIE
(23:30 / All) Stranger_Danger: GREEN TK
(23:51 / All) Stranger_Danger: STRANGER DANGER
(23:53 / All) Stranger_Danger: STRANGER DANGER
(23:55 / All) Stranger_Danger: AMBER ALERt
(24:49 / All) Meatgrinder: TKERS MUST DIE!
(26:37 / All) Stranger_Danger: TRAITORS NEVER PROSPER
(26:51 / All) Meatgrinder: I AM THE GREAT TRAITOR, THERE CAN BE NONE OTHER!
(29:13 / All) Stranger_Danger: LOL
(29:29 / All) Stranger_Danger: YOUR BASe
(29:30 / All) Stranger_Danger: YOUIR BASe
(29:45 / All) Stranger_Danger: KIL
(29:46 / All) Stranger_Danger: LOL
(29:55 / All) Stranger_Danger: he survived iwth like 1 more hit left
(30:00 / All) Stranger_Danger: but left anyway
(30:14 / All) WHATABOUTBOB.: he tried to deny us satisfaction
(30:17 / All) Meatgrinder: think green and orange will stay?
(30:20 / All) WHATABOUTBOB.: it still died
(30:35 / All) WHATABOUTBOB.: oj is clueless i think
(31:35 / All) Meatgrinder: jake kill your shit
(31:39 / All) Stranger_Danger: GHOST BUSTERS STUPID MOVIE
(31:42 / All) Meatgrinder: wtf you doing
(31:51 / All) Meatgrinder: and don't forget your bats
(32:44 / All) Meatgrinder: JAKE
(32:45 / All) Meatgrinder: YOUR BATS
(32:47 / All) Meatgrinder: AT BOT RIGHT
(32:48 / All) Meatgrinder: WTF
(33:01 / All) Meatgrinder: bad boy jake
(33:41 / All) Meatgrinder: I gave green all my resources
(33:44 / All) Meatgrinder: hope he makes good use of them
(34:05 / All) Stranger_Danger: green 26k now
(34:06 / All) Stranger_Danger: RICH
(34:07 / All) Meatgrinder: that's it done
(34:10 / All) Meatgrinder: good luck faggots
(34:12 / All) Stranger_Danger: good luck ya'll